AoeStats
← miguelon01

Nomad

506960192Analyzed
4v4 RM · 17d ago on Sep 16, 2026· 36m 52s· 8 players
Game mode
Random Map
Map size
231×231
Population
200
Speed
Normal
Resources
Standard
Victory
Conquest
Starting age
Dark Age
Ending age
Imperial Age
RankedLock teamsTeams togetherTeam positionsShared explorationLock speedFull tech treeHidden civsTurbo modeCheats
Victory
Defeat
🇨🇱 Dravidians · Chile
1256
+13
🇧🇷 Turks · Brazil
1182
+16
🇨🇱 Italians · Chile
1176
+16
🇨🇱 Persians · Chile
1114
+42
🇨🇳 Bengalis · China
1215
-17
🇧🇷 Sicilians · Brazil
1186
-16
🇮🇹 Romans · Italy
1160
-15
🇨🇦 Spanish · Canada
1153
-15
CL.Capitán Haddock
3:51 Loom
14:11 Feudal Age
15:30 Fishing Lines
20:42 Castle Age
21:47 Double-Bit Axe
22:25 Gillnets
22:58 Bow Saw
27:27 Wheelbarrow
29:03 Ballistics
29:52 Hand Cart
29:31 Fletching
29:42 Padded Archer Armor
33:56 Imperial Age
33:25 Masonry
37:04 Conscription
cavidal1
4:41 Loom
13:07 Feudal Age
13:58 Double-Bit Axe
14:12 Fishing Lines
16:19 Gold Mining
18:18 Wheelbarrow
21:42 Castle Age
20:02 Fletching
23:36 Gillnets
23:57 Medium Warships
24:35 Hand Cart
25:37 Husbandry
25:30 Town Watch
26:44 Padded Archer Armor
30:06 Scale Barding Armor
30:01 Bodkin Arrow
30:43 Thumb Ring
31:43 Leather Archer Armor
33:05 Medical Corps
35:40 Scale Barding Armor
franvidelamardones
11:17 Loom
13:33 Feudal Age
18:53 Castle Age
17:03 Double-Bit Axe
19:12 Scale Barding Armor
19:17 Forging
19:20 Bloodlines
20:20 Husbandry
30:23 Imperial Age
28:10 Horse Collar
28:46 Bow Saw
30:49 Iron Casting
30:48 Chain Barding Armor
30:07 Cavalier
32:58 Blast Furnace
33:21 Plate Barding Armor
33:08 Murder Holes
34:20 Heavy Plow
35:22 Two-Man Saw
35:03 Wheelbarrow
34:13 Town Watch
36:13 Savar
Lord Housedrick
12:02 Loom
14:33 Feudal Age
15:01 Double-Bit Axe
15:02 Horse Collar
23:20 Castle Age
25:52 Padded Archer Armor
25:43 Fletching
Tikka Masala
9:58 Loom
15:20 Feudal Age
20:03 Castle Age
20:54 Fletching
21:47 Bodkin Arrow
30:06 Double-Bit Axe
31:01 Gold Mining
31:09 Town Watch
YuriBluestar
5:27 Loom
22:46 Feudal Age
23:28 Double-Bit Axe
26:44 Castle Age
24:42 Horse Collar
25:47 Padded Archer Armor
25:39 Fletching
28:15 Bow Saw
28:05 Bodkin Arrow
28:26 Leather Archer Armor
30:45 Wheelbarrow
32:01 Town Watch
32:38 Fishing Lines
420fudu69
4:35 Loom
15:42 Feudal Age
20:09 Castle Age
19:23 Double-Bit Axe
21:56 Bow Saw
21:49 Horse Collar
22:59 Heavy Plow
24:34 Wheelbarrow
miguelon01
15:41 Feudal Age
22:13 Castle Age
20:02 Double-Bit Axe
21:02 Stone Mining
21:04 Gold Mining
23:53 Bow Saw
23:54 Horse Collar
23:55 Pikeman
24:35 Squires
31:10 Wheelbarrow
31:39 Fletching
34:18 Scale Mail Armor
35:30 Forging
Connection lost

Rejoining the realm…

Still unreachable

The connection could not be restored.

Session expired

The server has moved on; the page needs a fresh start.